 Dungeon Crawl Stone Soup version 0.19.5 (webtiles) character file.

51510 JeffiDaFish the Protected (level 14, -9/92 HPs)
             Began as a Gargoyle Fighter on Dec 8, 2017.
             Was the Champion of Okawaru.
             Mangled by a sphinx (10 damage)
             ... summoned by Kirke
             ... on level 6 of the Lair of Beasts on Dec 9, 2017.
             The game lasted 00:45:01 (20161 turns).

JeffiDaFish the Protected (Gargoyle Fighter)       Turns: 20161, Time: 00:45:02

Health: -9/92      AC:  0    Str: 20    XL:     14   Next: 59%
Magic:  20/20      EV: 19    Int: 10    God:    Okawaru [******]
Gold:   1372       SH:  0    Dex: 15    Spells: 1 memorised, 18 levels left

rFire  . . .     SeeInvis .     (weapon currently unavailable)
rCold  . . .     Gourm    +     (armour currently unavailable)
rNeg   + . .     Faith    .     (shield currently unavailable)
rPois  ∞         Spirit   .     (helmet currently unavailable)
rElec  .         Reflect  .     (cloak currently unavailable)
rCorr  .         Harm     .     (gloves currently unavailable)
MR     +....                    (boots currently unavailable)
Stlth  +.........               v - amulet of the gourmand
                                (ring currently unavailable)
                                (ring currently unavailable)

@: pig-form, very slightly contaminated, hasted and slowed, very quick
A: (big wings), agile 1, (fire resistance 0), negative energy resistance 1,
(electricity resistance), (unbreathing), petrification resistance, rot immunity,
AC +9
a: Heroism, Finesse, Renounce Religion


You were on level 6 of the Lair of Beasts.
You worshipped Okawaru.
Okawaru was exalted by your worship.
You were full.
You were a filthy swine.
You visited 2 branches of the dungeon, and saw 17 of its levels.
You also visited: Sewer.

You collected 1402 gold pieces.
You spent 30 gold pieces at shops.

Inventory:

Hand Weapons
 x - a +2 morningstar
 C - the +5 morningstar of Fragile Peace (melded) {flame, rN+ MR- Int+7 Dex+4}
   (You took it off a centaur on level 11 of the Dungeon)

   It has been specially enchanted to burn those struck by it, causing extra
   injury to most foes and up to half again as much damage against particularly
   susceptible opponents.
   It affects your intelligence (+7).
   It affects your dexterity (+4).
   It protects you from negative energy.
   It affects your resistance to hostile enchantments.
Armour
 c - a +1 shield (melded)
 e - a +2 helmet (melded)
 l - a +2 pair of gloves (melded)
 q - a +0 chain mail (melded)
 s - a +1 pair of boots (melded)
 B - a +2 cloak (melded)
Jewellery
 d - the ring of Sail (melded) {+Fly MR+}
   (You found it on level 5 of the Dungeon)

   [ring of protection from magic]

   It affects your resistance to hostile enchantments.
   It lets you fly.
 v - an amulet of the gourmand (around neck)
 I - an uncursed ring of see invisible
Wands
 F - a wand of hasting (3/9)
Scrolls
 i - 17 scrolls of identify
 j - 8 scrolls of remove curse
 m - 9 scrolls of magic mapping
 o - 5 scrolls of fog
 t - 4 scrolls of teleportation
 w - 7 scrolls of recharging
 y - 2 scrolls of fear
 D - a scroll of amnesia
 J - a scroll of blinking
Potions
 g - 6 potions of might
 r - a potion of brilliance
 u - 5 potions of agility
 z - a potion of cure mutation
 H - a potion of magic
Books
 A - Tetisess's Disquisition on Displacement and Self-Knowledge
   (You found it on level 8 of the Dungeon)

   Spells                             Type                      Level
   a - Infusion                       Charms                       1
   b - Apportation                    Translocation                1
   c - Song of Slaying                Charms                       2
   d - Blink                          Translocation                2
   e - Deflect Missiles               Charms/Air                   6
   f - Malign Gateway                 Summoning/Translocation      7
Comestibles
 a - 5 royal jellies
 f - 11 bread rations
 h - 6 meat rations
 n - 8 beef jerkies
 p - 27 fruits
 E - a slice of pizza


   Skills:
 * Level 12.0 Fighting
 * Level 11.7 Maces & Flails
 * Level 12.3 Armour
 + Level 6.5 Dodging
 - Level 0.2 Stealth
 * Level 12.2 Shields
 + Level 3.8 Spellcasting
 + Level 3.9 Translocations
 + Level 8.0 Invocations


You had 18 spell levels left.
You knew the following spells:

 Your Spells              Type           Power        Failure   Level  Hunger
a - Blink                 Tloc           N/A          10%         2    ###....


Dungeon Overview and Level Annotations

Branches:
Dungeon (11/15)            Temple (0/1) D:5            Lair (6/6) D:11
  Swamp (0/4) Lair:4        Snake (0/4) Lair:3        Slime (0/5) Lair:5
    Orc (0/2) D:10

Altars:
Ashenzari
Dithmenos
Hepliaklqana
Makhleb
Nemelex Xobeh
Okawaru
Ru
Trog
Uskayaw
Xom
Zin

Shops:
D:8 *

Portals:
Hell: Lair:6

Annotations:
Lair:5 exclusion: oklob plant
Lair:6 Kirke


Innate Abilities, Weirdness & Mutations

You are resistant to torment.
((Your stone body is resilient. (AC +9)))
You are immune to poison.
((Your large and strong wings let you fly indefinitely.))
You resist negative energy. (rN+)
((You are resistant to electric shocks. (rElec)))
((You can survive without breathing.))
You are immune to petrification.
You are immune to rotting.
You are agile. (Dex +2)
((Your flesh is heat resistant. (rF+)))


Message History

Something hits you! The hog bites you.
You are very lightly contaminated with residual magic.
The hog bites you!
You hear some strange, mumbled words.
Something summons a lindwurm!
The sphinx casts a spell.
Something smites you! The spiny frog stings you!!
You're too confused to move!
The hog bites you!
* * * LOW HITPOINT WARNING * * *
The spiny frog barely misses you. The sphinx closely misses you.
The sphinx hits you!
* * * LOW HITPOINT WARNING * * *
The sphinx hits you!
* * * LOW HITPOINT WARNING * * *
You feel better. The spiny frog stings you.
* * * LOW HITPOINT WARNING * * *
The sphinx hits you.
* * * LOW HITPOINT WARNING * * *
The sphinx hits you!
You die...

.................................
.................................
.................................
.................................
.................................
.............(...................
................k................
................FHh..♣♣♣.........
♣♣....♣♣♣[♣♣....h{.♣♣♣ ♣♣♣♣......
♣♣♣..♣♣ ♣♣♣♣♣.♣...♣♣ ♣♣..... ♣♣♣♣
♣♣♣.♣♣♣ ♣..... ♣.♣♣ ♣..... ♣.♣♣
♣♣♣♣..... ♣♣..♣♣ ♣♣♣........ ♣
♣♣....♣♣♣♣♣♣..♣♣♣..... ♣♣
♣♣♣...♣.......♣♣♣ ♣..... .♣♣♣♣
♣♣♣♣..♣.♣♣♣♣...♣♣♣ ♣.....


You could see a sphinx, a lindwurm, a spiny frog and a hog.

Vanquished Creatures
  Gastronok (Lair:2)
  Fannar (Lair:2)
  9 hydras
  A hell beast (Lair:6)
  A catoblepas (Lair:5)
  6 death yaks
  6 hill giants
  A wizard (Lair:6)
  An ugly thing (D:11)
  An orc sorcerer (D:10)
  2 manticores
  2 cyclopes (D:11)
  3 elephants (Lair:4)
  3 rime drakes
  11 spiny frogs
  4 orange demons (Lair:6)
  7 komodo dragons
  3 ice devils (Lair:6)
  A hellwing (Lair:6)
  A polar bear (Lair:4)
  2 red devils (Lair:6)
  A troll (D:11)
  5 hornets
  Grinder (D:4)
  4 blink frogs (Lair:2)
  5 dream sheep (Lair:6)
  6 hippogriffs
  A hill giant zombie (D:10)
  2 fire elementals (Lair:4)
  2 wyverns
  41 yaks
  4 hogs (Lair:6)
  2 basilisks
  2 fire bats (Lair:4)
  A steam dragon (Lair:4)
  2 hungry ghosts (D:10)
  5 swamp worms (Lair:4)
  A soldier ant (D:8)
  Edmund (D:3)
  26 water moccasins
  9 porcupines
  A hornet zombie (D:10)
  4 sky beasts
  An eye of draining (D:11)
  An orc warrior (D:10)
  3 ice beasts
  3 phantoms
  4 ogres
  2 necrophages
  2 centaurs
  5 wolves (Lair:6)
  10 crocodiles
  A big kobold (D:9)
  15 bullfrogs
  A gnoll sergeant (D:11)
  A water moccasin zombie (D:10)
  2 scorpions
  5 killer bees (D:6)
  2 howler monkeys (D:11)
  3 electric eels
  5 crimson imps
  A bullfrog zombie (D:11)
  A centaur zombie (D:8)
  A bullfrog skeleton (D:6)
  2 hounds
  5 jellies
  Crazy Yiuf (D:2)
  2 orc priests
  7 orc wizards
  Natasha (twice) (D:2)
  4 iguanas
  6 worker ants
  A killer bee zombie (D:7)
  7 ogre zombies (D:10)
  2 hound skeletons
  Robin (D:2)
  A worker ant zombie (D:9)
  4 gnolls (D:11)
  A howler monkey skeleton (D:4)
  17 adders
  5 river rats (Sewer)
  A shadow imp (D:5)
  7 oozes
  4 dart slugs
  7 leopard geckos
  33 orcs
  17 ball pythons
  9 bats
  13 giant cockroaches
  11 goblins
  8 hobgoblins
  11 jackals
  12 kobolds
  5 quokkas
  2 frilled lizards (Sewer)
  A giant cockroach zombie (D:5)
  2 goblin skeletons (D:10)
  2 goblin zombies (D:10)
  2 hobgoblin skeletons (D:10)
  4 hobgoblin zombies (D:10)
  An orc skeleton (D:10)
  13 orc zombies (D:10)
  A quokka skeleton (D:6)
  28 rats
524 creatures vanquished.

Vanquished Creatures (collateral kills)
  A polar bear (Lair:4)
1 creature vanquished.

Vanquished Creatures (others)
  14 fungi
  6 plants
20 creatures vanquished.

Grand Total: 545 creatures vanquished

Notes
Turn   | Place    | Note
-------+----------+-------------------------------------------
     0 | D:1      | JeffiDaFish the Gargoyle Fighter began the quest for the Orb.
     0 | D:1      | Reached XP level 1. HP: 14/14 MP: 1/1
   176 | D:1      | Reached XP level 2. HP: 16/19 MP: 2/2
   822 | D:2      | Noticed Robin
   849 | D:2      | Reached XP level 3. HP: 10/24 MP: 3/3
   876 | D:2      | Killed Robin
  1057 | D:2      | Found a sparkling altar of Nemelex Xobeh.
  1112 | D:2      | Found a runed door.
  1116 | D:2      | Noticed Crazy Yiuf
  1125 | D:2      | Killed Crazy Yiuf
  1125 | D:2      | Reached XP level 4. HP: 22/29 MP: 1/4
  1198 | D:2      | Noticed Natasha
  1206 | D:2      | Killed Natasha
  1309 | D:2      | Reached XP level 5. HP: 32/33 MP: 5/5
  1447 | D:2      | Noticed Natasha
  1457 | D:2      | Killed Natasha
  1457 | D:2      | Reached skill level 1 in Dodging
  1964 | D:3      | Reached XP level 6. HP: 35/38 MP: 6/6
  2358 | D:4      | Noticed Edmund
  2685 | D:3      | Killed Edmund
  2706 | D:3      | Reached skill level 5 in Shields
  2706 | D:3      | Reached XP level 7. HP: 27/44 MP: 7/7
  2830 | D:4      | Noticed a hand axe
  2831 | D:4      | Found a hide-covered altar of Uskayaw.
  2831 | D:4      | Noticed a dagger
  2868 | D:4      | Noticed Grinder
  2882 | D:4      | Paralysed by Grinder for 3 turns
  2895 | D:4      | Killed Grinder
  3154 | D:4      | Found a bloodstained altar of Trog.
  3155 | D:4      | Found an iron altar of Okawaru.
  3175 | D:4      | Became a worshipper of Warmaster Okawaru
  3217 | D:4      | Reached skill level 5 in Fighting
  3217 | D:4      | Reached skill level 5 in Maces & Flails
  3465 | D:5      | Entered Level 5 of the Dungeon
  3484 | D:5      | Found a staircase to the Ecumenical Temple.
  3494 | D:5      | Reached skill level 5 in Armour
  3494 | D:5      | Reached XP level 8. HP: 49/49 MP: 8/8
  3523 | D:5      | Found a sacrificial altar of Ru.
  3684 | D:5      | Got a scorched ivory ring
  3685 | D:5      | Identified the ring of Sail {+Fly MR+} (You found it on level 5 of the Dungeon)
  3874 | D:5      | Found a shattered altar of Ashenzari.
  4161 | D:6      | Reached * piety under Okawaru
  4201 | D:6      | Reached skill level 1 in Invocations
  4459 | D:6      | Found a glowing drain.
  4473 | Sewer    | Entered a sewer
  4721 | Sewer    | Reached XP level 9. HP: 53/55 MP: 10/10
  5759 | D:7      | Found a glowing silver altar of Zin.
  5784 | D:7      | Found a shimmering altar of Xom.
  5833 | D:7      | Found a shadowy altar of Dithmenos.
  5892 | D:7      | Reached ** piety under Okawaru
  6182 | D:8      | Found Plog's Changing Room.
  6193 | D:8      | Bought a potion of mutation for 30 gold pieces
  6193 | D:8      | Gained mutation: You are agile. (Dex +2) [potion of mutation]
  6193 | D:8      | Gained mutation: Your flesh is heat resistant. (rF+) [potion of mutation]
  6226 | D:8      | Identified Tetisess's Disquisition on Displacement and Self-Knowledge
  6377 | D:8      | Noticed a hornet
  6391 | D:8      | Killed a hornet
  6394 | D:8      | Noticed a hornet
  6402 | D:8      | Killed a hornet
  6528 | D:8      | Noticed a hill giant
  6547 | D:8      | Killed a hill giant
  6547 | D:8      | Reached XP level 10. HP: 17/63 MP: 12/12
  6860 | D:8      | Found a hazy altar of Hepliaklqana.
  7060 | D:9      | Reached *** piety under Okawaru
  7797 | D:9      | Received a gift from Okawaru
  7852 | D:9      | Got a steaming silver ring
  7859 | D:9      | Identified the cursed ring of the Prince of Darkness {AC-2 Stlth+} (You found it on level 9 of the Dungeon)
  8017 | D:9      | Found a burning altar of Makhleb.
  8542 | D:10     | Entered Level 10 of the Dungeon
  8758 | D:10     | Found a staircase to the Orcish Mines.
  8782 | D:10     | Received a gift from Okawaru
  8814 | D:10     | Noticed an orc sorcerer
  8840 | D:10     | Paralysed by fainting for 12 turns
  8841 | D:10     | Noticed a smoke demon
  8843 | D:10     | Noticed an orange demon
  8856 | D:10     | Paralysed by fainting for 12 turns
  9215 | D:10     | Paralysed by fainting for 10 turns
  9335 | D:10     | Killed an orc sorcerer
  9335 | D:10     | Reached **** piety under Okawaru
  9335 | D:10     | Reached XP level 11. HP: 62/69 MP: 14/14
  9927 | D:10     | Noticed a manticore
  9937 | D:10     | Killed a manticore
  9976 | D:10     | Noticed a hill giant
  9985 | D:10     | Killed a hill giant
 10412 | D:11     | Reached ***** piety under Okawaru
 10436 | D:11     | Noticed a hill giant
 10446 | D:11     | Killed a hill giant
 10517 | D:11     | Noticed a cyclops
 10526 | D:11     | Killed a cyclops
 10526 | D:11     | Reached skill level 5 in Invocations
 10753 | D:11     | Noticed a cyclops
 10754 | D:11     | Noticed a hill giant
 10762 | D:11     | Killed a hill giant
 10767 | D:11     | Killed a cyclops
 10925 | D:11     | Noticed a hill giant
 10932 | D:11     | Killed a hill giant
 10932 | D:11     | Received a gift from Okawaru
 11425 | D:11     | Noticed a manticore
 11433 | D:11     | Killed a manticore
 11433 | D:11     | Reached skill level 10 in Armour
 11491 | D:11     | Noticed a hill giant
 11543 | D:11     | Killed a hill giant
 11705 | D:11     | Found a staircase to the Lair.
 11710 | D:11     | Noticed a brown ugly thing
 11729 | D:11     | Killed a brown ugly thing
 11729 | D:11     | Reached XP level 12. HP: 44/77 MP: 14/16
 11980 | D:11     | Reached skill level 10 in Shields
 12186 | D:11     | Got an uncursed encrusted morningstar {flame}
 12187 | D:11     | Identified the +5 morningstar of Fragile Peace {flame, rN+ MR- Int+7 Dex+4} (You took it off a centaur on level 11 of the Dungeon)
 12402 | Lair:1   | Entered Level 1 of the Lair of Beasts
 12565 | Lair:1   | Reached skill level 10 in Fighting
 12865 | Lair:1   | Reached skill level 5 in Dodging
 13326 | Lair:2   | Noticed Gastronok
 13341 | Lair:2   | Killed Gastronok
 13341 | Lair:2   | Received a gift from Okawaru
 13367 | Lair:2   | Identified the +1 hand crossbow "Dozog" {elec, rF++ rC+ MR+} (Okawaru gifted it to you on level 2 of the Lair of Beasts)
 13427 | Lair:2   | Learned a level 2 spell: Blink
 13451 | Lair:2   | Reached ****** piety under Okawaru
 13565 | Lair:2   | Noticed Fannar
 13575 | Lair:2   | Killed Fannar
 13575 | Lair:2   | Reached skill level 1 in Spellcasting
 13594 | Lair:2   | Reached skill level 10 in Maces & Flails
 13688 | Lair:2   | Reached skill level 1 in Translocations
 14006 | Lair:2   | Noticed a six-headed hydra
 14013 | Lair:2   | Killed a six-headed hydra
 14391 | Lair:3   | Received a gift from Okawaru
 14400 | Lair:3   | Found a staircase to the Snake Pit.
 14605 | Lair:3   | Noticed an eight-headed hydra
 14611 | Lair:3   | Killed an eight-headed hydra
 14611 | Lair:3   | Reached XP level 13. HP: 54/84 MP: 17/17
 16146 | Lair:4   | Found a staircase to the Swamp.
 16502 | Lair:5   | Found a staircase to the Slime Pits.
 16974 | Lair:5   | Received a gift from Okawaru
 17001 | Lair:5   | Identified the +1 scale mail of Impatience {rF+++ rN++ Str-3 Slay+3} (Okawaru gifted it to you on level 5 of the Lair of Beasts)
 17561 | Lair:6   | Entered Level 6 of the Lair of Beasts
 18356 | Lair:5   | Gained mutation: Your large and strong wings let you fly indefinitely. [Gargoyle growth]
 18356 | Lair:5   | Reached XP level 14. HP: 77/90 MP: 14/19
 18553 | Lair:6   | Noticed Kirke
 18969 | Lair:6   | Received a gift from Okawaru
 19425 | Lair:6   | Found a burning altar of Makhleb.
 20019 | Lair:6   | Found a gateway to Hell.
 20153 | Lair:6   | Noticed a sphinx
 20160 | Lair:6   | HP: 1/92 [sphinx[Kirke] (10)]
 20161 | Lair:6   | Mangled by a sphinx

Skill      XL: |  1  2  3  4  5  6  7  8  9 10 11 12 13 14 |
---------------+-------------------------------------------+-----
Fighting       | 4 5 6 7 8 9 10 11 12 | 12.0
Armour         | 4 5 6 7 8 10 11 12 | 12.3
Maces & Flails | 3 4 5 6 7 8 9 10 11 | 11.7
Shields        | 4 5 6 7 8 9 10 11 12 | 12.2
Dodging        | 1 2 3 4 5 6 |  6.5
Invocations    | 1 3 4 5 6 7 8 |  8.0
Spellcasting   | 1 3 |  3.8
Translocations | 1 3 |  3.9
Stealth        | |  0.2

Action                   |  1- 3 |  4- 6 |  7- 9 | 10-12 | 13-15 || total
-------------------------+-------+-------+-------+-------+-------++-------
Melee: Flail             |   103 |   241 |   507 |       |       ||   851
       Morningstar       |       |       |   141 |   941 |   701 ||  1783
Invok: Heroism           |       |       |     1 |       |       ||     1
       Finesse           |       |       |       |     1 |     4 ||     5
  Use: Scroll            |     6 |     2 |     9 |     9 |     6 ||    32
       Potion            |     6 |     2 |     7 |     7 |     4 ||    26
  Eat: Chunk             |     1 |     5 |    10 |    49 |    16 ||    81
       Meat ration       |       |       |     1 |       |       ||     1
       Royal jelly       |       |       |       |     5 |       ||     5
       Beef jerky        |       |       |       |     1 |       ||     1
Armor: Scale mail        |    59 |   172 |   268 |       |       ||   499
       Chain mail        |       |       |   264 |   556 |   488 ||  1308
Dodge: Dodged            |    32 |    98 |   300 |   271 |   313 ||  1014
Block: Shield            |    63 |   182 |   587 |   612 |   641 ||  2085
